 Dungeon Crawl Stone Soup version 0.19.5 (webtiles) character file.

448 devil0150 the Magician (level 6, 0/55 HPs)
             Began as a High Elf Wizard on Apr 14, 2017.
             Slain by a yak (4 damage)
             ... on level 5 of the Dungeon.
             The game lasted 00:21:22 (5825 turns).

devil0150 the Magician (High Elf Wizard)            Turns: 5825, Time: 00:21:23

Health: 0/55       AC:  9    Str: 11    XL:     6   Next: 73%
Magic:  4/16       EV: 13    Int: 23    God:
Gold:   184        SH:  0    Dex: 15    Spells: 5 memorised, 6 levels left

rFire  . . .     SeeInvis .     f - +0 dagger
rCold  . . .     Gourm    .     a - +1 robe
rNeg   . . .     Faith    .     (no shield)
rPois  .         Spirit   .     b - +0 hat
rElec  .         Reflect  .     (no cloak)
rCorr  .         Harm     .     (no gloves)
MR     .....                    (no boots)
Stlth  ..........               (no amulet)
                                p - ring of flight
                                k - +6 ring of protection

@: berserking, very slightly contaminated, very quick
A: no striking features
a: Evoke Flight


You were on level 5 of the Dungeon.
You were hungry.

You visited 1 branch of the dungeon, and saw 5 of its levels.

You collected 184 gold pieces.

Inventory:

Hand Weapons
 f - a +0 dagger (weapon)
Armour
 a - a +1 robe (worn)
 b - a +0 hat (worn)
Jewellery
 k - a +6 ring of protection (left hand)
 p - a ring of flight (right hand)
Scrolls
 r - a scroll of fear
 u - 2 scrolls of identify
Potions
 e - a potion of agility
 h - 2 potions of curing
 o - 2 potions of mutation {unknown}
 s - a potion of ambrosia {unknown}
 t - a potion of degeneration {unknown}
Books
 c - a book of Minor Magic

   Spells                             Type                      Level
   a - Magic Dart                     Conjuration                  1
   b - Blink                          Translocation                2
   c - Call Imp                       Summoning                    2
   d - Repel Missiles                 Charms/Air                   2
   e - Slow                           Hexes                        2
   f - Conjure Flame                  Conjuration/Fire             3
   g - Mephitic Cloud                 Conjuration/Poison/Air       3
Comestibles
 d - 4 bread rations
 g - a meat ration
 l - a royal jelly
 m - 4 fruits
 q - a slice of pizza


   Skills:
 + Level 0.6 Fighting
 + Level 0.8 Short Blades
 + Level 3.1 Dodging
 + Level 3.7 Stealth
 + Level 6.4 Spellcasting
 + Level 4.0 Conjurations
 + Level 0.8 Summonings
 + Level 1.1 Translocations


You had 6 spell levels left.
You knew the following spells:

 Your Spells              Type           Power        Failure   Level  Hunger
a - Magic Dart            Conj           ####         1%          1    None
b - Mephitic Cloud        Conj/Pois/Air  ##......     17%         3    #......
c - Call Imp              Summ           ##......     12%         2    None
d - Blink                 Tloc           N/A          10%         2    None
e - Conjure Flame         Conj/Fire      ###.....     12%         3    #......


Dungeon Overview and Level Annotations

Branches:
Dungeon (5/15)             Temple (0/1) D:4

Altars:

Shops:
D:4 =


Message History

Aim: a yak (heavily wounded)
The magic dart hits the yak.
The yak is severely wounded.
The yak barely misses you.
You feel better. The yak gores you!
* * * LOW HITPOINT WARNING * * *
It was a potion of berserk rage.
A red film seems to cover your vision as you go berserk!
You feel yourself moving faster!
You feel mighty! The yak gores you but does no damage.
Unknown command.
You are too berserk!
Unknown command.
You puncture the yak!
The yak is almost dead.
The yak closely misses you.
You completely miss the yak.
The yak is almost dead.
The yak gores you.
You die...

###
#@#
#Y#
#.#
#.#
#.#
#.#
#.#
#.#


You could see a yak.

Vanquished Creatures
  An ogre (D:4)
  A crimson imp (D:4)
  An orc priest (D:4)
  An orc wizard (D:4)
  4 gnolls (D:4)
  3 adders
  2 oozes (D:1)
  An adder skeleton (D:4)
  6 worms
  A dart slug (D:2)
  5 leopard geckos
  7 orcs
  5 giant cockroaches
  6 goblins
  8 hobgoblins
  3 jackals (D:1)
  7 kobolds
  6 ball pythons
  12 bats
  2 frilled lizards
  7 rats
89 creatures vanquished.

Vanquished Creatures (collateral kills)
  A phantom (D:4)
1 creature vanquished.

Grand Total: 90 creatures vanquished

Notes
Turn   | Place    | Note
-------+----------+-------------------------------------------
     0 | D:1      | devil0150 the High Elf Wizard began the quest for the Orb.
     0 | D:1      | Reached XP level 1. HP: 11/11 MP: 6/6
   521 | D:1      | Reached XP level 2. HP: 17/17 MP: 3/7
   867 | D:1      | Reached skill level 4 in Spellcasting
  1025 | D:1      | Reached XP level 3. HP: 18/21 MP: 7/9
  2609 | D:2      | Reached XP level 4. HP: 27/27 MP: 4/11
  4363 | D:4      | Found a staircase to the Ecumenical Temple.
  4543 | D:3      | Reached XP level 5. HP: 21/32 MP: 2/13
  4664 | D:4      | Reached skill level 5 in Spellcasting
  4858 | D:4      | Noticed an ogre
  4872 | D:4      | Killed an ogre
  4914 | D:4      | Learned a level 3 spell: Mephitic Cloud
  4917 | D:4      | Learned a level 2 spell: Call Imp
  4920 | D:4      | Learned a level 2 spell: Blink
  4924 | D:4      | Learned a level 3 spell: Conjure Flame
  4946 | D:4      | Reached XP level 6. HP: 26/37 MP: 5/15
  5335 | D:4      | Found Zanteip's Jewellery Emporium.
  5493 | D:4      | Reached skill level 6 in Spellcasting
  5717 | D:4      | Noticed a yak
  5719 | D:4      | Noticed a yak
  5721 | D:4      | Noticed a yak
  5741 | D:4      | Noticed a yak
  5802 | D:5      | Entered Level 5 of the Dungeon
  5825 | D:5      | Slain by a yak

Skill      XL: |  1  2  3  4  5  6 |
---------------+-------------------+-----
Spellcasting   | 4 5 6 |  6.4
Conjurations   | 2 3 4 |  4.0
Dodging        | 3 |  3.1
Stealth        | 3 |  3.7
Fighting       | |  0.6
Short Blades   | |  0.8
Summonings     | |  0.8
Translocations | |  1.1

Action                   |  1- 3 |  4- 6 || total
-------------------------+-------+-------++-------
Melee: Dagger            |    23 |    13 ||    36
 Cast: Magic Dart        |   124 |   187 ||   311
       Call Imp          |       |     1 ||     1
  Use: Scroll            |     5 |     3 ||     8
       Potion            |       |     2 ||     2
  Eat: Chunk             |     5 |     9 ||    14
Armor: Robe              |     9 |    19 ||    28
Dodge: Dodged            |    38 |    34 ||    72
